 Dungeon Crawl Stone Soup version 0.31-a0-198-g2ad674f65e (webtiles) character file.

Game seed: 842767437520213581

116 qw the Skirmisher (level 4, -3/25 HPs)
             Began as a Deep Elf Hunter on June 25, 2023.
             Killed by divine providence
             ... invoked by an orc priest
              (14 damage)
             ... on level 3 of the Dungeon.
             The game lasted 00:00:58 (2278 turns).

qw the Skirmisher (Deep Elf Hunter)                 Turns: 2278, Time: 00:00:58

Health: -3/25      AC:  8    Str: 10    XL:     4   Next: 70%
Magic:  6/6        EV: 12    Int: 14    God:
Gold:   127        SH:  5    Dex: 18    Spells: 3/3 levels left

rFire   . . .        Y - +0 shortbow
rCold   . . .        (shield currently unavailable)
rNeg    . . .        f - +3 leather armour
rPois   .            (no helmet)
rElec   .            g - +0 cloak
rCorr   .            d - +0 pair of gloves
SInv    .            (no boots)
Will    .....        c - amulet of reflection
Stlth   ++           (no ring)
HPRegen 0.24/turn    (no ring)
MPRegen 0.10/turn

%: reflection
@: no status effects
A: no striking features
a: no special abilities


You were on level 3 of the Dungeon.
You visited 1 branch of the dungeon, and saw 3 of its levels.

You collected 127 gold pieces.


   Skills:
 - Level 1.5 Fighting
 + Level 8.1 Ranged Weapons
 - Level 2.4 Dodging
 - Level 1.2 Stealth


You had 3 spell levels left.
You didn't know any spells.
Your spell library was empty.

Inventory:

Hand Weapons
 Y - a +0 shortbow (weapon)
Armour
 d - a +0 pair of gloves (worn)
 f - a +3 leather armour (worn)
 g - a +0 cloak (worn)
Jewellery
 c - an amulet of reflection (around neck)
Scrolls
 b - a scroll of blinking {unknown}
 e - a scroll of summoning {unknown}
 j - a scroll of teleportation
Potions
 a - 2 potions of enlightenment {unknown}
 k - a potion of magic {unknown}

Dungeon Overview and Level Annotations

Branches:
Dungeon (3/15)

Altars:

Annotations:
D:3 Sigmund


Message History

The orc priest hits you but does no damage.
You shoot an arrow.
The arrow hits the orc priest but does no damage.
The orc priest is severely wounded.
An orc opens the door.
The orc priest calls upon Beogh to heal the orc priest.
The orc priest is healed somewhat.
The orc priest hits you but does no damage.
The orc shouts!
You hear a shout!
You shoot an arrow. The arrow hits the orc priest!
The orc priest is almost dead.
You hear a shout!
The orc priest hits you but does no damage.
You shoot an arrow.
The arrow hits the orc priest but does no damage.
The orc priest is almost dead.
The orc priest looks braver for a moment.
You shoot an arrow.
The arrow hits the orc priest but does no damage.
The orc priest is almost dead.
You block the orc priest's attack.
You shoot an arrow.
The arrow hits the orc priest but does no damage.
The orc priest is almost dead.
The orc priest looks braver for a moment.
You shoot an arrow. The arrow barely misses the orc priest.
The arrow barely misses the orc.
The orc priest miscasts a cantrip.
You shoot an arrow. The arrow hits the orc priest.
You kill the orc priest!
A kobold comes into view. It is wielding a +0 whip.
Your Ranged Weapons skill increases to level 8!
You shoot an arrow. The kobold shouts!
The arrow hits the orc priest!
The orc priest is severely wounded.
The orc priest invokes the aid of Beogh against you.
Beogh smites you!
Ouch! That really hurt!
You die...

#...........
#.#.........
#.#.########
#.#.# #.#.#
.# ### #.#[#
.###.. #.#.#
...#.# #.#.#
.#.#.# #@#.#
.#.#.###
#o#..
.#.#?#..
.o...
.#.#.#.#.#
##.#.#
.....#.#.#
#'#..
.#.#.#.#.#
K.. .#
.#.#.#.#.#
... .#
.....#.#.#
... #
.#.#...#.#


You could see an orc priest, an orc and a kobold.

Vanquished Creatures
  An orc priest (D:3)
  An adder (D:2)
  3 dart slugs (D:1)
  6 endoplasms
  4 giant cockroaches
  6 goblins
  8 hobgoblins
  10 jackals (D:1)
  4 kobolds
  2 quokkas
  4 ball pythons
  7 bats
  4 frilled lizards
  3 rats
63 creatures vanquished.

Notes
Turn   | Place    | Note
-------+----------+-------------------------------------------
     0 | D:1      | qw the Deep Elf Hunter began the quest for the Orb.
     0 | D:1      | Reached XP level 1. HP: 12/12 MP: 3/3
     0 | D:1      | 0 ||| qw: Version: 0.3-a-22-g0ed2b0b
     0 | D:1      | 0 ||| qw: Game counter: 5121
     0 | D:1      | 0 ||| qw: Melee chars always use a shield: true
     0 | D:1      | 0 ||| qw: God list: Okawaru
     0 | D:1      | 0 ||| qw: Allow faded altars: false
     0 | D:1      | 0 ||| qw: Do Orc after clearing Dungeon:15 true
     0 | D:1      | 0 ||| qw: Do second Lair branch before Depths: true
     0 | D:1      | 0 ||| qw: Lair rune preference: random
     0 | D:1      | 0 ||| qw: Goals: Normal
     0 | D:1      | 0 ||| PLANNING D:1-11
    56 | D:1      | You fall into a shaft and drop 1 floor!
   112 | D:2      | 112 ||| READING 2 scrolls labelled NANUGI OLOTZ.
   113 | D:2      | 113 ||| DROPPING scroll of fear.
   114 | D:2      | 114 ||| DROPPING scroll of butterflies.
   132 | D:1      | Reached skill level 6 in Ranged Weapons
   132 | D:1      | Reached XP level 2. HP: 6/16 MP: 4/4
   202 | D:1      | Found a faded altar of an unknown god.
   485 | D:1      | Reached XP level 3. HP: 17/20 MP: 5/5
   776 | D:1      | Reached skill level 7 in Ranged Weapons
  1130 | D:1      | 1130 ||| UPGRADING to +0 pair of gloves.
  1135 | D:1      | 1135 ||| UPGRADING to +3 leather armour.
  1145 | D:1      | 1145 ||| DROPPING +0 leather armour.
  1146 | D:1      | 1146 ||| UPGRADING to +0 cloak.
  1151 | D:1      | 1151 ||| READING scroll labelled IVEURO TO SEA.
  1152 | D:1      | 1152 ||| READING scroll labelled ZEEDGHA SEEMMO.
  1153 | D:1      | 1153 ||| READING scroll labelled RUGACE JURCH.
  1289 | D:2      | Reached XP level 4. HP: 22/25 MP: 6/6
  1990 | D:2      | 1990 ||| UPGRADING to amulet of reflection.
  1995 | D:2      | 1995 ||| READING scroll labelled ODIHAH XIYDO.
  1996 | D:2      | 1996 ||| READING scroll labelled RUZYUT VYCAANA.
  1997 | D:2      | 1997 ||| READING scroll labelled KAL SOKKOSTU.
  1998 | D:2      | 1998 ||| READING scroll labelled GUPHA ITYUPH.
  1999 | D:2      | 1999 ||| DRINKING 2 amethyst potions.
  2026 | D:2      | 2026 ||| DROPPING potion of lignification.
  2139 | D:3      | Noticed Sigmund
  2155 | D:3      | HP: 6/25 [Sigmund/+0 scythe (5)]
  2162 | D:3      | HP: 6/25 [Sigmund/+0 scythe (2)]
  2163 | D:3      | 2163 ||| READING 2 scrolls of teleportation.
  2278 | D:3      | Reached skill level 8 in Ranged Weapons
  2278 | D:3      | Killed from afar by an orc priest

Levels and vault maps discovered:
D:1:      psy_arrival_heroes, layout_loops_corners,
          hellmonk_ecumenical_altar_zigzags, nicolae_kite_square_tiling_tiny
D:2:      layout_basic, roderic_lattice_a, minmay_diced_spiral
D:3:      layout_basic, nicolae_overflow_ecumenical_swirl, uniq_sigmund

Skill      XL: |  1  2  3  4 |
---------------+-------------+-----
Ranged Weapons | 6 7 8 |  8.1
Fighting       | |  1.5
Dodging        | |  2.4
Stealth        | |  1.2

Action                     |  1- 3 |  4- 6 || total
---------------------------+-------+-------++-------
   Fire: Shortbow          |   139 |    75 ||   214
    Use: Scroll            |     4 |     5 ||     9
         Potion            |       |     1 ||     1
 Armour: Leather armour    |    18 |    14 ||    32
  Dodge: Dodged            |    55 |    18 ||    73
  Block: Other             |       |     1 ||     1

Table legend:
 A = Non-vault XP
 B = Vault XP
 C = Vault XP percentage of total XP
 D = Non-vault monster count
 E = Vault monster count
 F = Vault count percentage of total count
                 A         B        C        D         E       F
            +---------+---------+-------+---------+---------+-------
      Total |     148 |      19 |  11.4 |      59 |       4 |   6.3
            +---------+---------+-------+---------+---------+-------
        D:1 |      74 |       0 |   0.0 |      39 |       0 |   0.0
        D:2 |      25 |      19 |  43.2 |      16 |       4 |  20.0
        D:3 |      49 |       0 |   0.0 |       4 |       0 |   0.0
            +---------+---------+-------+---------+---------+-------
